 Dungeon Crawl Stone Soup version 0.24.0-35-gdb84b6a5db (webtiles) character file.

Game seed: 1176674982474831724, levelgen mode: deterministic

58 Kobolds4U the Slasher (level 3, -3/29 HPs)
             Began as a Demonspawn Berserker on Nov 17, 2019.
             Was a Believer of Trog.
             Slain by a worm (9 damage)
             ... on level 2 of the Dungeon.
             The game lasted 00:02:00 (1224 turns).

Kobolds4U the Slasher (Demonspawn Berserker)        Turns: 1224, Time: 00:02:00

Health: -3/29      AC:  2    Str: 19    XL:     3   Next: 75%
Magic:  3/3        EV: 12    Int:  8    God:    Trog [**....]
Gold:   51         SH:  0    Dex: 13    Spells: 2/2 levels left

rFire    . . .     SeeInvis .   a - +0 falchion
rCold    . . .     Gourm    .   (no shield)
rNeg     . . .     Faith    .   b - +0 animal skin
rPois    .         Spirit   .   (no helmet)
rElec    .         Reflect  .   (no cloak)
rCorr    .         Harm     .   (no gloves)
MR       .....                  (no boots)
Stlth    +.........             (no amulet)
HPRegen  0.09/turn              d - +2 ring of strength
MPRegen  0.08/turn              (no ring)

@: no status effects
A: powered by pain 1
a: Berserk, Trog's Hand, Renounce Religion


You were on level 2 of the Dungeon.
You worshipped Trog.
Trog was pleased with you.
You were not hungry.

You visited 1 branch of the dungeon, and saw 2 of its levels.

You collected 51 gold pieces.

Inventory:

Hand Weapons
 a - a +0 falchion (weapon)
Missiles
 k - 7 boomerangs (quivered)
Armour
 b - a +0 animal skin (worn)
Jewellery
 d - a +2 ring of strength (left hand)
Scrolls
 f - 3 scrolls of teleportation {unknown}
 g - a scroll of enchant weapon {unknown}
 h - 5 scrolls of amnesia {unknown}
 j - a scroll of identify {unknown}
 l - a scroll of blinking {unknown}
 n - a scroll of immolation {unknown}
Potions
 e - a potion of agility {unknown}
 m - a potion of curing {unknown}
Comestibles
 c - 6 rations
 i - a chunk of flesh


   Skills:
 - Level 3.0 Fighting
 + Level 4.3 Long Blades
 - Level 1.7 Armour
 - Level 1.7 Dodging


You had 2 spell levels left.
You didn't know any spells.
Your spell library was empty.

Dungeon Overview and Level Annotations

Branches:
Dungeon (2/15)

Altars:


Innate Abilities, Weirdness & Mutations

You sometimes gain a little power by taking damage.


Message History

The worm is moderately wounded.
The worm misses you.
You hit the worm but do no damage.
The worm is moderately wounded.
You hit the worm.
The worm is severely wounded.
The worm bites you.
You hit the worm but do no damage.
The worm is heavily wounded.
The worm bites you!
You completely miss the worm.
The worm is heavily wounded.
You barely miss the worm.
The worm is heavily wounded.
The worm bites you.
* * * LOW HITPOINT WARNING * * *
You hit the worm.
The worm is severely wounded.
The worm bites you!
You die...

..........# #.#
..#.#.##### #.#
.##.#.# #.# ....#.#
#.# ##..#.# #.#
##.<#.# #.# ......#
# #.#
##..........##.##.#
#######.##....w@.#
#####.#### .. ##


You could see a worm.

Vanquished Creatures
  A gnoll (D:1)
  2 oozes (D:1)
  A dart slug (D:1)
  2 leopard geckos
  5 bats
  2 giant cockroaches
  2 goblins (D:1)
  2 hobgoblins (D:2)
  7 jackals (D:1)
  3 frilled lizards
  2 kobolds (D:1)
  4 rats (D:1)
33 creatures vanquished.

Notes
Turn   | Place    | Note
-------+----------+-------------------------------------------
     0 | D:1      | Kobolds4U the Demonspawn Berserker began the quest for the
                  | Orb.
     0 | D:1      | Reached XP level 1. HP: 18/18 MP: 1/1
    77 | D:1      | Reached skill level 3 in Long Blades
   102 | D:1      | Gained mutation: You sometimes gain a little power by
                  | taking damage. [demonic ancestry]
   102 | D:1      | Reached XP level 2. HP: 4/24 MP: 2/2
   623 | D:1      | Reached XP level 3. HP: 27/29 MP: 3/3
   725 | D:1      | Reached skill level 4 in Long Blades
  1151 | D:2      | Reached ** piety under Trog
  1224 | D:2      | Slain by a worm

Levels and vault maps discovered:
D:1:      dpeg_arrival_rhombus, layout_basic
D:2:      layout_loops_cross, lemuel_round_altar, first_ration, uniq_terence,
          uniq_crazy_yiuf_cottage

Skill      XL: |  1  2  3 |
---------------+----------+-----
Long Blades    | 3 4 |  4.3
Fighting       | |  3.0
Armour         | |  1.7
Dodging        | |  1.7

Action                   || total
-------------------------++-------
Melee: Falchion          ||   104
Invok: Berserk           ||     1
  Eat: Chunk             ||     2
Armor: Animal skin       ||    27
Dodge: Dodged            ||   111
       Rpst.: Falchion   ||    37
